 Dungeon Crawl Stone Soup version 0.30.0-29-ga12c61a403 (webtiles) character file.

Game seed: 8229353233294923897

660 Fodor the Covered (level 7, -2/60 HPs)
             Began as a Minotaur Fighter on June 11, 2023.
             Slain by a gnoll
             ... wielding a +0 flail
             ... led by a gnoll sergeant
              (6 damage)
             ... on level 5 of the Dungeon.
             The game lasted 00:23:13 (3980 turns).

Fodor the Covered (Minotaur Fighter)                Turns: 3980, Time: 00:23:16

Health: -2/60      AC:  9    Str: 21    XL:     7   Next: 30%
Magic:  6/6        EV:  9    Int: 11    God:
Gold:   373        SH:  5    Dex: 11    Spells: 5/6 levels left

rFire   . . .        e - +2 whip (flame)
rCold   . . .        c - +0 buckler
rNeg    . . .        b - +0 scale mail
rPois   .            (helmet restricted)
rElec   .            (no cloak)
rCorr   .            (no gloves)
SInv    .            y - +0 pair of boots
Will    .....        (no amulet) Stlth
                     v - +6 ring of intelligence
HPRegen 0.30/turn    (no ring)
MPRegen 0.10/turn

%: no passive effects
@: no status effects
A: horns 2, retaliatory headbutt
a: no special abilities


You were on level 5 of the Dungeon.
You visited 1 branch of the dungeon, and saw 5 of its levels.

You collected 373 gold pieces.

Inventory:

Hand Weapons
 a - a +0 long sword
 e - a +2 whip of flaming (weapon)
 G - a +2 flail of protection
Missiles
 f - 33 stones (quivered)
 o - 17 poisoned darts
 r - 3 boomerangs
 s - a curare-tipped dart
 B - a throwing net
Armour
 b - a +0 scale mail (worn)
 c - a +0 buckler (worn)
 y - a +0 pair of boots (worn)
 A - a +0 hat
Magical Staves
 D - a staff of conjuration
Jewellery
 v - a +6 ring of intelligence (left hand)
Wands
 m - a wand of digging (9)
Scrolls
 g - a scroll of magic mapping {unknown}
 h - a scroll of immolation
 n - a scroll of vulnerability
 p - 3 scrolls of fear
 t - a scroll of enchant armour {unknown}
 x - a scroll of blinking {unknown}
 C - a scroll of noise {unknown}
 F - a scroll of butterflies {unknown}
Potions
 d - 3 potions of might
 i - a potion of attraction {unknown}
 j - 2 potions of resistance {unknown}
 k - 3 potions of mutation {unknown}
 l - 2 potions of haste
 q - a potion of brilliance {unknown}
 u - a potion of ambrosia {unknown}
 w - a potion of curing {unknown}
 z - a potion of flight {unknown}
 E - a potion of degeneration {unknown}


   Skills:
 + Level 4.9 Fighting
 + Level 2.9 Long Blades
 + Level 4.0 Maces & Flails
 + Level 2.8 Throwing
 + Level 6.8 Armour
 + Level 0.9 Dodging
 + Level 0.3 Stealth
 + Level 4.5 Shields


You had 5 spell levels left.
You knew the following spells:

 Your Spells              Type           Power      Damage    Failure   Level
a - Shock                 Conj/Air       0%         1d3       71%         1

Your spell library contained the following spells:

 Spells                   Type           Power      Damage    Failure   Level
 Dazzling Flash           Conj/Hex       0%         N/A       97%         3
 Gell's Gravitas          Tloc           0%         N/A       97%         3
 Swiftness                Air            0%         N/A       97%         3
 Teleport Other           Tloc           0%         N/A       97%         3
 Airstrike                Air            0%         2d(0-16)  100%        4
 Agony                    Necr           0%         N/A       100%        5
 Silence                  Hex/Air        0%         N/A       100%        5
 Dispersal                Tloc           0%         N/A       100%        6
 Borgnjor's Revivificati  Necr           0%         N/A       100%        8
 Necromutation            Tmut/Necr      0%         N/A       100%        8
 Death's Door             Necr           0%         N/A       100%        9


Dungeon Overview and Level Annotations

Branches:
Dungeon (5/15)
 Temple: D:4-7

Altars:


Innate Abilities, Weirdness & Mutations

You have a pair of horns on your head.
You reflexively headbutt those who attack you in melee.


Message History

You hit the gnoll sergeant but do no damage.
The gnoll sergeant is severely wounded.
The gnoll completely misses you.
An orc comes into view. It is wielding a +0 whip of venom.
The gnoll barely misses you. The gnoll sergeant barely misses you.
The orc shouts!
You hit the gnoll sergeant but do no damage.
You headbutt the gnoll sergeant, but do no damage.
The gnoll sergeant is severely wounded.
You block the gnoll's attack. x2; You block the gnoll sergeant's attack.
You completely miss the gnoll sergeant.
The gnoll sergeant is severely wounded.
The gnoll hits you from afar with a +0 halberd.
You block the gnoll's attack. You block the gnoll sergeant's attack.
You hit the gnoll sergeant but do no damage.
The gnoll sergeant is severely wounded.
The gnoll closely misses you.
The gnoll hits you from afar with a +0 spear.
The gnoll sergeant hits you with a +0 trident!
You hit the gnoll sergeant. You burn the gnoll sergeant.
You headbutt the gnoll sergeant.
You kill the gnoll sergeant!
You block the gnoll's attack.
The gnoll hits you from afar with a +0 halberd.
Your Maces & Flails skill increases to level 4!
You hit the gnoll. You burn the gnoll. You headbutt the gnoll.
The gnoll is severely wounded.
The gnoll hits you with a +0 flail! The gnoll hits you but does no damage.
The gnoll hits you from afar with a +0 halberd!
* * * LOW HITPOINT WARNING * * *
You hit the gnoll. You burn the gnoll.
You kill the gnoll!
You block the gnoll's attack. The gnoll barely misses you.
You barely miss the gnoll.
The gnoll hits you from afar with a +0 spear!
* * * LOW HITPOINT WARNING * * *
The gnoll hits you from afar with a +0 halberd.
* * * LOW HITPOINT WARNING * * *
The gnoll hits you with a +0 flail.
You die...

......# .# ####### ##....
... ......# ##......#.
.####.# #.#.......? #
.####.# ##.#....#.##.#
...##.# .............
.#.##.# #..gog.# ......#
#g# ......### ##@##
##......# #...# #####.#.#
#...# #####.#.#
#...######### ........#
#......!.[..
#....##.#######...##.##.#
#.......##..............#
........................#
#.#.###.##......#.......#


You could see 3 gnolls and an orc.

Vanquished Creatures
  Sigmund (D:4)
  A water moccasin (D:5)
  A gnoll sergeant (D:5)
  A jelly (D:5)
  Crazy Yiuf (D:2)
  4 iguanas
  Jessica (D:2)
  A sleepcap (D:5)
  A gnoll (D:5)
  4 adders
  A worm (D:3)
  2 dart slugs
  8 orcs (D:4)
  8 ball pythons
  3 endoplasms
  4 giant cockroaches
  7 hobgoblins
  5 kobolds
  2 quokkas
  6 bats
  2 frilled lizards (D:2)
  7 goblins
  4 rats
75 creatures vanquished.

Notes
Turn   | Place    | Note
-------+----------+-------------------------------------------
     0 | D:1      | Fodor the Minotaur Fighter began the quest for the Orb.
     0 | D:1      | Reached XP level 1. HP: 19/19 MP: 0/0
   232 | D:1      | Reached XP level 2. HP: 27/27 MP: 1/1
   528 | D:1      | Reached skill level 4 in Armour
   762 | D:2      | Noticed Jessica
   766 | D:2      | Killed Jessica
   767 | D:2      | Reached XP level 3. HP: 34/34 MP: 2/2
  1093 | D:2      | Found a runed translucent door.
  1094 | D:2      | Noticed Crazy Yiuf
  1104 | D:2      | Killed Crazy Yiuf
  1105 | D:2      | Reached skill level 1 in Maces & Flails
  1105 | D:2      | Reached XP level 4. HP: 37/41 MP: 3/3
  2335 | D:3      | Reached XP level 5. HP: 47/47 MP: 4/4
  2783 | D:4      | Reached skill level 5 in Armour
  3023 | D:4      | Learned a level 1 spell: Shock
  3113 | D:4      | Reached skill level 1 in Throwing
  3130 | D:4      | Noticed Sigmund
  3152 | D:4      | Killed Sigmund
  3153 | D:4      | Reached XP level 6. HP: 17/53 MP: 5/5
  3332 | D:4      | Reached skill level 6 in Armour
  3477 | D:5      | Entered Level 5 of the Dungeon
  3589 | D:5      | Noticed a water moccasin
  3598 | D:5      | Killed a water moccasin
  3703 | D:5      | Reached XP level 7. HP: 60/60 MP: 6/6
  3980 | D:5      | Slain by a gnoll

Illustrated notes

Levels and vault maps discovered:
D:1:      giann_wishing_wells, layout_basic
D:2:      layout_loops_ring, minmay_misc_feat_ornament, uniq_jessica,
          uniq_crazy_yiuf_cottage
D:3:      layout_loops_corners, grunt_ministairs_11, kennysheep_cross_room
D:4:      layout_cave_pools, minmay_misc_feat_nine_boxes, serial_bayou_crossing,
          uniq_sigmund
D:5:      layout_loops_cross

Skill      XL: |  1  2  3  4  5  6  7 |
---------------+----------------------+-----
Fighting       | 4 |  4.9
Armour         | 4 5 6 |  6.8
Shields        | 4 |  4.5
Maces & Flails | 1 2 3 4 |  4.0
Throwing       | 2 |  2.8
Long Blades    | |  2.9
Dodging        | |  0.9
Stealth        | |  0.3

Action                     |  1- 3 |  4- 6 |  7- 9 || total
---------------------------+-------+-------+-------++-------
  Melee: Whip              |    33 |   123 |    22 ||   178
         Headbutt          |     4 |    17 |     7 ||    28
         Long sword        |     3 |       |       ||     3
  Throw: Stone             |     4 |    10 |       ||    14
         Dart              |       |    19 |       ||    19
    Use: Scroll            |       |     7 |       ||     7
 Armour: Scale mail        |    19 |    54 |     6 ||    79
  Dodge: Dodged            |    20 |    46 |    16 ||    82
  Block: Buckler           |    12 |    21 |    12 ||    45
